 Dungeon Crawl Stone Soup version 0.28.0-53-g5a82cb258f (webtiles) character file.

Game seed: 6690371687308558391

52 yokelz the Cudgeller (level 3, 31/31 HPs)
             Began as a Palentonga Fighter on Aug 6, 2022.
             Was a Follower of Vehumet.
             Quit the game on level 2 of the Dungeon.
             The game lasted 00:02:26 (1651 turns).

yokelz the Cudgeller (Palentonga Fighter)           Turns: 1651, Time: 00:02:26

Health: 31/31      AC:  6    Str: 21    XL:     3   Next: 60%
Magic:  3/3        EV:  7    Int:  8    God:    Vehumet [*.....]
Gold:   28         SH:  0    Dex:  9    Spells: 1/2 levels left

rFire   . . .      SeeInvis +   a - +0 flail
rCold   . . .      Faith    .   (no shield)
rNeg    . . .      Spirit   .   b - +0 scale mail
rPois   .          Reflect  .   (no helmet)
rElec   .          Harm     .   (no cloak)
rCorr   .          Rampage  .   (no gloves)
Will    .....                   (no barding)
Stlth   ..........              (no amulet)
HPRegen 0.10/turn               (no ring)
MPRegen 0.08/turn               (no ring)

@: no status effects
A: large, rugged brown scales 3, see invisible, deformed body, roll 1, armoured
tail
a: Rolling Charge, Renounce Religion


You were on level 2 of the Dungeon.
You worshipped Vehumet.
Vehumet was aware of your devotion.
You visited 1 branch of the dungeon, and saw 2 of its levels.

You collected 28 gold pieces.

Inventory:

Hand Weapons
 a - a +0 flail (weapon)
Missiles
 h - a boomerang
Armour
 b - a +0 scale mail (worn)
 c - a +0 buckler
Scrolls
 f - 5 scrolls of holy word
 i - a scroll of vulnerability {unknown}
Potions
 d - a potion of might
 e - 2 potions of attraction {unknown}
 g - a potion of haste {unknown}


   Skills:
 - Level 3.0 Fighting
 + Level 4.0 Maces & Flails
 - Level 2.4 Armour
 - Level 2.4 Shields


You had one spell level left.
You knew the following spells:

 Your Spells              Type           Power      Damage    Failure   Level
a - Magic Dart            Conj           0%         1d3       75%         1

Your spell library contained the following spells:

 Spells                   Type           Power      Damage    Failure   Level
 Fireball                 Conj/Fire      0%         3d3       100%        5
 Starburst                Conj/Fire      0%         6d3       100%        6
 Ignition                 Fire           0%         3d3       100%        8


Dungeon Overview and Level Annotations

Branches:
Dungeon (2/15)

Altars:
Vehumet


Innate Abilities, Weirdness & Mutations

You are completely covered in rugged brown scales. (AC +3, +7% HP)
You have supernaturally acute eyesight. (SInv)
Armour fits poorly on your strangely shaped body.
You can roll at nearby foes to attack.
You have a long armoured tail.


Message History

You see here a frilled lizard corpse.
An endoplasm comes into view.
Found a faded altar of an unknown god.
The endoplasm quivers.
An endoplasm is nearby!
An endoplasm is nearby!
You sock the endoplasm!
You kill the endoplasm!
No target in view!
A quokka comes into view.
The quokka bites you.
You closely miss the quokka. You barely miss the quokka. The quokka bites you.
The quokka bites you but does no damage.
You completely miss the quokka.
The quokka splashes around in the water.
You closely miss the quokka.
Your tail-slap misses the quokka.
The quokka bites you.
The quokka bites you but does no damage.
You hit the quokka.
You kill the quokka!
You enter the shallow water.
Moving in this stuff is going to be slow.
You see here a quokka corpse.
Why would you want to do that?
There is a faded altar of an unknown god here.
You cannot tell which god this altar belongs to.
Convert to them anyway?
Vehumet accepts your prayer! Vehumet welcomes you!
You can now gain magical power from killing.
Vehumet offers you knowledge of Magic Dart.
Memorise Magic Dart, consuming 1 spell level and leaving 1?
Vehumet grants you knowledge of Magic Dart.
You start memorising the spell.
You continue memorising.
You finish memorising.
You add the spell Magic Dart to your library.
Spell assigned to 'a'.
A frilled lizard comes into view.
The frilled lizard hisses angrily.
Are you sure you want to abandon this character and quit the game? (Confirm with "yes".)

... ..# #.# ###.# ###
#...##.. ##
#######.#.#.#####.##
...........#.....#.##
#######.#..≈.....≈..###.
#..#≈.≈...≈.≈#..l.
#†#..≈.≈.≈@≈..#
#######.#...†.≈.≈...#
........#...≈≈.≈≈...#
........#...≈≈_≈≈...#
###.###.#..≈.≈≈≈.≈..#
#.# ##.#≈≈≈≈.≈≈≈≈#.# #.#
##.#..≈.≈..#.## #.#
##)#.≈.≈.#.## #.#
##.##.##.##


You could see a frilled lizard.

Vanquished Creatures
  An adder (D:2)
  A dart slug (D:1)
  3 orcs (D:2)
  5 endoplasms
  A goblin (D:1)
  4 hobgoblins
  A quokka (D:2)
  5 ball pythons
  A bat (D:1)
  6 frilled lizards
  6 kobolds
  3 rats (D:1)
37 creatures vanquished.

Vanquished Creatures (others)
  5 plants (D:1)
5 creatures vanquished.

Grand Total: 42 creatures vanquished

Notes
Turn   | Place    | Note
-------+----------+-------------------------------------------
     0 | D:1      | yokelz the Palentonga Fighter began the quest for the Orb.
     0 | D:1      | Reached XP level 1. HP: 19/19 MP: 1/1
   210 | D:1      | Reached XP level 2. HP: 17/25 MP: 2/2
   436 | D:1      | Reached skill level 3 in Maces & Flails
  1162 | D:2      | Reached XP level 3. HP: 22/31 MP: 3/3
  1566 | D:2      | Reached skill level 4 in Maces & Flails
  1587 | D:2      | Found a faded altar of an unknown god.
  1605 | D:2      | Prayed at the altar of an unknown god.
  1605 | D:2      | Became a worshipper of Vehumet
  1605 | D:2      | Reached * piety under Vehumet
  1605 | D:2      | Offered knowledge of Magic Dart by Vehumet.
  1608 | D:2      | Learned a level 1 spell: Magic Dart
  1651 | D:2      | Quit the game

Illustrated notes

Levels and vault maps discovered:
D:1:      dpeg_arrival_solitude, layout_basic, lexackson_kobold_supper
D:2:      layout_loops_ring, shapermc_ecumenical_altar_starsandcircs,
          grunt_ministairs_15

Skill      XL: |  1  2  3 |
---------------+----------+-----
Maces & Flails | 3 4 |  4.0
Fighting       | |  3.0
Armour         | |  2.4
Shields        | |  2.4

Action                   || total
-------------------------++-------
Melee: Flail             ||   105
       Tailslap          ||     7
  Use: Scroll            ||     1
Armor: Scale mail        ||    63
Dodge: Dodged            ||    47
